 Dungeon Crawl Stone Soup version 0.18-a0-1238-g8adb878 (webtiles) character file.

1187 Oddball22 the Covert (level 8, -14/48 HPs)
             Began as an Octopode Artificer on Feb 5, 2016.
             Was an Initiate of Pakellas.
             Demolished by Gottschkopf's ghost (19 damage)
             ... on level 6 of the Dungeon.
             The game lasted 00:13:15 (5615 turns).

Oddball22 the Covert (Octopode Artificer)           Turns: 5615, Time: 00:13:15

Health: -14/48     AC:  1    Str: 10    XL:     8   Next: 43%
Magic:  10/10      EV: 14    Int: 14    God:    Pakellas [......]
Gold:   254        SH:  0    Dex: 15    Spells: 0 memorised, 7 levels left

rFire  . . .     SeeInvis .     a - +1 short sword
rCold  + . .     Gourm    .     (no shield)
rNeg   . . .     Faith    .     (helmet restricted)
rPois  .         Spirit   .     (no amulet)
rElec  .         Dismiss  .     x - ring of protection from cold
rCorr  .         Reflect  .     (no ring)
SustAt .         Harm     .     (no ring)
MR     .....                    (no ring)
Stlth  ++++++....               (no ring)
                                (no ring)
                                (no ring)
                                (no ring)

@: not resistant to hostile enchantments, very stealthy
A: almost no armour, amphibious, 8 rings, constrict 8, camouflage 1, gelatinous
body 1
a: Renounce Religion


You were on level 6 of the Dungeon.
You worshipped Pakellas.
Pakellas was noncommittal.
You were not hungry.

You visited 2 branches of the dungeon, and saw 7 of its levels.

You collected 254 gold pieces.

Inventory:

Hand Weapons
 a - a +1 short sword (weapon)
Jewellery
 x - a ring of protection from cold (left tentacle)
Wands
 b - a wand of flame (15/48)
 c - a wand of enslavement (15/24)
 d - a wand of random effects (35/48)
 v - a wand of disintegration (13/24)
 y - a wand of confusion (27/48)
Scrolls
 e - a scroll of teleportation
 g - a scroll of fear
 i - a scroll of enchant weapon
 l - 3 scrolls of identify
 m - a scroll of enchant armour
 o - a scroll of blinking {unknown}
 t - a scroll of noise
 u - a scroll of amnesia
 B - a scroll of magic mapping {unknown}
Potions
 n - 2 potions of might {unknown}
 p - a potion of invisibility {unknown}
 r - 3 potions of curing {unknown}
 s - a potion of cancellation {unknown}
 w - a potion of haste {unknown}
 z - 2 potions of flight {unknown}
 A - a potion of cure mutation {unknown}
Books
 q - a book of Conjurations

   Spells                             Type                      Level
   a - Magic Dart                     Conjuration                  1
   b - Searing Ray                    Conjuration                  2
   c - Dazzling Spray                 Conjuration/Hexes            3
   d - Fulminant Prism                Conjuration/Hexes            4
   e - Iskenderun's Mystic Blast      Conjuration                  4
   f - Iskenderun's Battlesphere      Conjuration/Charms           5
Comestibles
 f - 2 bread rations
 h - 2 meat rations
 k - a chunk of flesh
 E - a slice of pizza


   Skills:
 + Level 1.3 Fighting
 * Level 5.6 Short Blades
 + Level 3.8 Dodging
 + Level 10.0 Stealth
 + Level 3.5 Evocations


You had 7 spell levels left.
You didn't know any spells.

Dungeon Overview and Level Annotations

Branches:
Dungeon (6/15)             Temple (1/1) D:5

Altars:
Ashenzari
Dithmenos
Gozag
Kikubaaqudgha
Makhleb
Pakellas
Ru
Trog
Zin
The Shining One

Annotations:
D:6 Gottschkopf's ghost, novice GrFi


Innate Abilities, Weirdness & Mutations

You cannot wear most types of armour.
You are amphibious.
You can wear up to eight rings at the same time.
You can use your tentacles to constrict eight enemies at once.
Your skin changes colour to match your surroundings (Stealth).
Your rubbery body absorbs attacks (AC +1).


Message History

Gottschkopf's ghost resists with almost no effort.
This wand has 29 charges left.
Gottschkopf's ghost hits you!
* * * LOW HITPOINT WARNING * * *
Evoke which item? (* to show all) (? for menu, Esc to quit)
Zapping:
y - a wand of confusion (29/48)
Press: ? - help, Shift-Dir - straight line, f/p - Gottschkopf's ghost
Aim: Gottschkopf's ghost (chance to defeat MR: 20%) Gottschkopf's ghost resists with almost no effort.
This wand has 28 charges left.
Gottschkopf's ghost hits you.
* * * LOW HITPOINT WARNING * * *
Evoke which item? (* to show all) (? for menu, Esc to quit)
That item cannot be evoked!
Unknown command.
Evoke which item? (* to show all) (? for menu, Esc to quit)
Zapping:
y - a wand of confusion (28/48)
Press: ? - help, Shift-Dir - straight line, f/p - Gottschkopf's ghost
Aim: Gottschkopf's ghost (chance to defeat MR: 20%) Gottschkopf's ghost resists with almost no effort.
This wand has 27 charges left.
Gottschkopf's ghost hits you!!
You die...

#.....## #.....##
#......# #......#
#......# #
#...########.#
####...#.....)..#
#......#........#
+......#.@W.....#
#......'........#
########........#
..........#
....#######.#
..... ... ....$
.... ..... .!


You could see Gottschkopf's ghost.

Vanquished Creatures
  The ghost of Banto the Cudgeler, an amateur HuSk of Zin (D:3)
  Edmund (D:6)
  2 centaurs (D:5)
  2 scorpions
  2 crimson imps
  A centaur zombie (D:5)
  A centaur skeleton (D:4)
  An orc priest (D:4)
  2 giant frog skeletons (D:5)
  Jessica (D:3)
  4 orc wizards
  Ijyb (D:4)
  2 worker ants
  2 hound skeletons
  8 adders
  2 worms
  A giant gecko (D:4)
  14 orcs
  3 giant cockroaches
  5 hobgoblins
  4 jackals (D:3)
  2 ball pythons
  9 bats
  A giant gecko skeleton (D:4)
  6 giant newts
  16 goblins
  5 kobolds
  2 quokka skeletons (D:4)
  4 rats
105 creatures vanquished.

Notes
Turn   | Place    | Note
--------------------------------------------------------------
     0 | D:1      | Oddball22 the Octopode Artificer began the quest for the Orb.
     0 | D:1      | Reached XP level 1. HP: 13/13 MP: 3/3
   241 | D:1      | Reached XP level 2. HP: 8/18 MP: 4/4
  1101 | D:2      | Reached XP level 3. HP: 23/23 MP: 5/5
  1239 | D:2      | Found a burning altar of Makhleb.
  2124 | D:3      | Reached XP level 4. HP: 26/28 MP: 6/6
  2130 | D:3      | Noticed Jessica
  2135 | D:3      | Killed Jessica
  2331 | D:3      | Noticed Banto's ghost (amateur HuSk)
  2640 | D:4      | Found a shattered altar of Ashenzari.
  2659 | D:4      | Reached skill level 4 in Stealth
  2659 | D:4      | Reached XP level 5. HP: 31/33 MP: 7/7
  2858 | D:4      | Found a shadowy altar of Dithmenos.
  3086 | D:4      | Reached skill level 5 in Stealth
  3086 | D:4      | Reached XP level 6. HP: 16/38 MP: 8/8
  3552 | D:4      | Noticed Ijyb
  3577 | D:4      | Killed Ijyb
  3792 | D:4      | Reached skill level 6 in Stealth
  3820 | D:4      | Reached XP level 7. HP: 39/43 MP: 9/9
  3981 | D:4      | Found a glowing silver altar of Zin.
  4019 | D:4      | Reached skill level 7 in Stealth
  4357 | D:3      | Found a bloodstained altar of Trog.
  4475 | D:3      | Killed Banto's ghost
  4475 | D:3      | Reached skill level 8 in Stealth
  4541 | D:5      | Entered Level 5 of the Dungeon
  4812 | D:5      | Reached skill level 5 in Short Blades
  4876 | D:5      | Reached skill level 9 in Stealth
  5064 | D:5      | Reached XP level 8. HP: 48/48 MP: 10/10
  5068 | D:5      | Found a staircase to the Ecumenical Temple.
  5095 | Temple   | Entered the Ecumenical Temple
  5116 | Temple   | Became a worshipper of Pakellas the Inventive
  5336 | D:5      | Found a glowing golden altar of the Shining One.
  5599 | D:6      | Noticed Edmund
  5607 | D:6      | Noticed Gottschkopf's ghost (novice GrFi)
  5609 | D:6      | Killed Edmund
  5609 | D:6      | Reached skill level 10 in Stealth
  5615 | D:6      | Demolished by Gottschkopf's ghost

Vault maps used:
D:1:      erik_arrival_cave_to_civilisation
D:2:      lemuel_doored_altar, lemuel_flame_loot_1
D:3:      lightli_temple_of_fire, uniq_jessica
D:4:      kennysheep_the_goblin_king, ashenzari_altar_1,
          grunt_dithmenos_smoke_and_mirrors, old_standard_altar, first_bread
D:5:      tso_metal_star, minmay_temple_entry_glass, minivault_1
D:6:      mumra_celtic_spiral_tile, uniq_edmund, uniq_eustachio
Temple:   oiseaux_autumnal_temple_12

Action                   |  1- 3 |  4- 6 |  7- 9 || total
-------------------------+-------+-------+-------++-------
Melee: Short sword       |   103 |    86 |    93 ||   282
Evoke: Wand              |       |    14 |     7 ||    21
  Use: Scroll            |       |       |     9 ||     9
 Stab: Sleeping          |     7 |    11 |    10 ||    28
       Distracted        |     1 |       |       ||     1
       Confused          |       |       |     3 ||     3
  Eat: Chunk             |     4 |     5 |     1 ||    10
       Bread ration      |       |       |     1 ||     1
